 Dungeon Crawl Stone Soup version 0.26.1-11-gd32895ea62 (webtiles) character file.

Game seed: 4767321411982254390

1335 ABBCCCDDDD the Covert (level 8, -2/52 HPs)
             Began as a Vampire Enchanter on July 6, 2021.
             Was a Follower of Hepliaklqana.
             Slain by Harold
             ... wielding a +0 short sword
              (15 damage)
             ... on level 7 of the Dungeon.
             The game lasted 00:22:02 (7105 turns).

ABBCCCDDDD the Covert (Vampire Enchanter)           Turns: 7105, Time: 00:22:03

Health: -2/52      AC:  4    Str: 10    XL:     8   Next: 35%
Magic:  4/11       EV: 15    Int: 19    God:    Hepliaklqana [*.....]
Gold:   295        SH:  0    Dex: 15    Spells: 2/11 levels left

rFire    . . .     SeeInvis +   u - +7 falchion "Orb Guardian's Doom" {vorpal, rC+ Str+3}
rCold    + . .     Faith    +   (no shield)
rNeg     . . .     Spirit   .   e - +0 leather armour
rPois    .         Reflect  .   (no helmet)
rElec    .         Harm     .   o - +0 cloak
rCorr    .         Rampage  .   (no gloves)
Will     .....                  (no boots)
Stlth    ++++......             i - amulet of faith
HPRegen  0.37/turn              (no ring)
MPRegen  0.12/turn              (no ring)

@: marked, very slightly contaminated, regenerating quickly
A: reduced essence, fangs 3, see invisible, unbreathing
a: Exsanguinate, Renounce Religion, Recall Ancestor, Ancestor Identity


You were on level 7 of the Dungeon.
You worshipped Hepliaklqana.
Hepliaklqana was aware of your devotion.
You visited 2 branches of the dungeon, and saw 8 of its levels.

You collected 295 gold pieces.

Inventory:

Hand Weapons
 a - a +2 dagger
 u - the +7 falchion "Orb Guardian's Doom" (weapon) {vorpal, rC+ Str+3}
   (You took it off an orc on level 6 of the Dungeon)

   It inflicts extra damage upon your enemies.
   It affects your strength (+3).
   It protects you from cold.
 v - a +3 dagger
Missiles
 b - a throwing net (quivered)
 d - 16 boomerangs
 n - 3 poisoned darts
Armour
 e - a +0 leather armour (worn)
 o - a +0 cloak (worn)
Jewellery
 i - an amulet of faith (around neck)
Wands
 l - a wand of polymorph (9)
 t - a wand of random effects (23)
Scrolls
 j - a scroll of magic mapping
 k - 2 scrolls of fear
 p - 3 scrolls of identify
 r - 3 scrolls of remove curse
 s - a scroll of blinking
Potions
 c - 2 potions of brilliance
 f - 3 potions of curing
 g - a potion of haste
 h - a potion of magic {unknown}
 m - 3 potions of might
 q - a potion of ambrosia {unknown}


   Skills:
 - Level 3.0 Fighting
 - Level 1.1 Short Blades
 + Level 6.1 Dodging
 + Level 9.9 Stealth
 - Level 2.0 Spellcasting
 + Level 2.7 Conjurations
 - Level 6.0 Hexes
 + Level 1.9 Translocations


You had 2 spell levels left.
You knew the following spells:

 Your Spells              Type           Power        Failure   Level
a - Corona                Hex            26%          1%          1
b - Ensorcelled Hibernat  Hex/Ice        26%          10%         2
c - Tukima's Dance        Hex            24%          6%          3
d - Magic Dart            Conj           48%          8%          1
e - Blink                 Tloc           N/A          16%         2

Your spell library contained the following spells:

 Spells                   Type           Power        Failure   Level
 Slow                     Hex            24%          3%          2
 Call Imp                 Summ           1%           34%         2
 Confusing Touch          Hex            24%          6%          3
 Dazzling Flash           Conj/Hex       36%          12%         3
 Conjure Flame            Conj/Fire      7%           36%         3
 Mephitic Cloud           Conj/Pois/Air  5%           43%         3


Dungeon Overview and Level Annotations

Branches:
Dungeon (7/15)             Temple (1/1) D:4

Altars:
Dithmenos
Elyvilon
Fedhas
Gozag
Hepliaklqana
Kikubaaqudgha
Okawaru
Qazlal
Ru
Sif Muna
Vehumet
Xom
Yredelemnul
Zin
The Shining One

Annotations:
D:4 2 runed translucent doors, captivecurve's ghost, amateur GnNe
D:5 Blork the orc
D:7 Harold


Innate Abilities, Weirdness & Mutations

Your natural rate of healing is unusually fast.
You have razor-sharp teeth.
You have supernaturally acute eyesight. (SInv)
You can survive without breathing.
Your life essence is reduced to manifest your ancestor. (-10% HP)


Message History

Harold is severely wounded.
Casting: Blink (safe; 16% risk of failure)
Confirm with . or Enter, or press ? or * to list all spells.
You miscast Blink.
Nothing appears to happen.
Harold hits you with a +0 short sword!
* * * LOW HITPOINT WARNING * * *
Casting: Blink (safe; 16% risk of failure)
Confirm with . or Enter, or press ? or * to list all spells.
Okay, then.
Unknown command.
Casting: Blink (safe; 16% risk of failure)
Confirm with . or Enter, or press ? or * to list all spells.
You blink.
Harold hits you but does no damage. x2
Throw: 2 throwing nets
Press: ? - help, Q - select action, (/) - cycle Shift-Dir - straight line, f - Harold
Aim: Harold, wielding a +0 short sword, wearing a +0 ring mail and quivering 2 throwing nets (heavily wounded, fast, 70% to hit)
You throw a throwing net.
The throwing net completely misses Harold.
Harold hits you with a +0 short sword!
You die...

##########
.......@$#
#.#######@######.
#. #.ยง..(......
#. #.##.#####c.
#. #.##.#####. #.
#.......... #.
##(##..####.
#)###)#.#..(##
#)().###.....###.


You could see Harold (fast).

Vanquished Creatures
  A sky beast (D:4)
  A black bear (D:6)
  An ogre (D:6)
  A big kobold (D:7)
  A scorpion (D:4)
  A howler monkey (D:4)
  A crimson imp (D:5)
  A bullfrog zombie (D:5)
  A hound (D:4)
  Crazy Yiuf (D:5)
  A centaur skeleton (D:5)
  2 orc priests (D:6)
  Jessica (D:2)
  Natasha (thrice) (D:3)
  An iguana (D:4)
  6 worker ants
  A hound skeleton (D:6)
  A worker ant zombie (D:5)
  3 gnolls (D:4)
  7 adders
  3 oozes
  2 adder skeletons
  2 worms (D:2)
  5 dart slugs
  2 leopard geckos
  4 orcs (D:6)
  7 bats
  3 giant cockroaches
  8 goblins
  11 hobgoblins
  4 jackals (D:5)
  2 quokkas
  A ball python (D:3)
  4 frilled lizards (D:2)
  6 kobolds
  5 rats
105 creatures vanquished.

Vanquished Creatures (collateral kills)
  A sky beast (D:6)
  A crimson imp (D:5)
  A bullfrog skeleton (D:5)
  An orc wizard (D:6)
  An ufetubus (D:6)
  4 orcs (D:6)
  2 kobolds (D:7)
11 creatures vanquished.

Vanquished Creatures (others)
  4 ancestors
  A fungus (D:5)
5 creatures vanquished.

Grand Total: 121 creatures vanquished

Notes
Turn   | Place    | Note
-------+----------+-------------------------------------------
     0 | D:1      | ABBCCCDDDD the Vampire Enchanter began the quest for the
                  | Orb.
     0 | D:1      | Reached XP level 1. HP: 13/13 MP: 3/3
   287 | D:1      | Reached XP level 2. HP: 19/19 MP: 3/5
   371 | D:1      | Reached skill level 5 in Stealth
   592 | D:1      | Reached skill level 5 in Hexes
  1033 | D:1      | Reached XP level 3. HP: 22/24 MP: 4/6
  1042 | D:1      | Learned a level 2 spell: Ensorcelled Hibernation
  1161 | D:2      | Noticed Jessica
  1349 | D:2      | Reached skill level 6 in Stealth
  1391 | D:2      | Reached XP level 4. HP: 31/31 MP: 7/7
  1418 | D:2      | Found a faded altar of an unknown god.
  1882 | D:2      | Killed Jessica
  1883 | D:2      | Reached skill level 1 in Fighting
  2546 | D:3      | Noticed Natasha
  2554 | D:3      | Killed Natasha
  2555 | D:3      | Reached XP level 5. HP: 37/37 MP: 5/8
  3149 | D:4      | You fall into a shaft and drop 1 floor!
  3149 | D:5      | Entered Level 5 of the Dungeon
  3157 | D:5      | Noticed Blork the orc
  3206 | D:5      | Found a runed translucent door.
  3207 | D:5      | Noticed Crazy Yiuf
  3208 | D:5      | Killed Crazy Yiuf
  3209 | D:5      | Reached skill level 7 in Stealth
  3262 | D:5      | Reached XP level 6. HP: 44/44 MP: 9/9
  3268 | D:5      | Learned a level 3 spell: Tukima's Dance
  3312 | D:5      | Found a white marble altar of Elyvilon.
  3496 | D:5      | Noticed a sky beast
  3824 | D:5      | Learned a level 1 spell: Magic Dart
  3827 | D:5      | Learned a level 2 spell: Blink
  3865 | D:5      | Found a basalt altar of Yredelemnul.
  4334 | D:4      | Found a staircase to the Ecumenical Temple.
  4578 | Temple   | Entered the Ecumenical Temple
  4639 | Temple   | Became a worshipper of Hepliaklqana the Forgotten
  4696 | D:4      | Found a runed translucent door.
  4697 | D:4      | Noticed captivecurve's ghost (amateur GnNe)
  4774 | D:4      | Found a runed translucent door.
  4790 | D:4      | Reached skill level 8 in Stealth
  4790 | D:4      | Reached skill level 1 in Conjurations
  4790 | D:4      | Reached XP level 7. HP: 46/46 MP: 7/10
  5218 | D:3      | Noticed Natasha
  5232 | D:3      | Killed Natasha
  5252 | D:3      | Noticed Natasha
  5267 | D:3      | Killed Natasha
  5341 | D:4      | Reached skill level 5 in Dodging
  6273 | D:6      | Reached skill level 9 in Stealth
  6573 | D:6      | Reached skill level 1 in Translocations
  6573 | D:6      | Reached XP level 8. HP: 41/52 MP: 8/11
  6667 | D:6      | Reached * piety under Hepliaklqana
  6885 | D:6      | Identified the +7 falchion "Orb Guardian's Doom" {vorpal,
                  | rC+ Str+3}
  7061 | D:7      | Noticed Harold
  7105 | D:7      | Slain by Harold

Illustrated notes

Levels and vault maps discovered:
D:1:      mrwooster_arrival_statue, layout_basic, st_stairs_8
D:2:      layout_basic, chequers_ecumenical_altar_island, serial_curves,
          eino_curves_02, eino_curves_01, uniq_jessica
D:3:      layout_loops_cross, uniq_natasha
D:4:      layout_loops_ring, minmay_temple_entry_hall, ebering_ghost_sewer_f
D:5:      layout_basic, kennysheep_ying_yang, uniq_blork_the_orc,
          uniq_crazy_yiuf_cottage
D:6:      layout_gridville
D:7:      layout_loops_ring, nzn_wu_jian_contemplation,
          nicolae_overflow_hidden_temple, marbit_many_paths, slow_altar_1,
          uniq_harold
Temple:   dshaligram_water_room_temple

Skill      XL: |  1  2  3  4  5  6  7  8 |
---------------+-------------------------+-----
Stealth        | 5 6 7 8 9 |  9.9
Hexes          | 5 6 |  6.0
Fighting       | 1 2 3 |  3.0
Dodging        | 3 4 5 6 |  6.1
Conjurations   | 1 2 |  2.7
Translocations | 1 |  1.9
Short Blades   | |  1.1
Spellcasting   | |  2.0

Action                   |  1- 3 |  4- 6 |  7- 9 || total
-------------------------+-------+-------+-------++-------
Melee: Dagger            |    94 |   217 |   118 ||   429
       Bite              |     7 |    15 |     7 ||    29
       Falchion          |       |       |     1 ||     1
Throw: Throwing net      |       |       |     1 ||     1
 Cast: Corona            |     8 |     3 |       ||    11
       Ensorcelled Hiber |     7 |    51 |    42 ||   100
       Magic Dart        |       |       |     3 ||     3
       Blink             |       |       |     2 ||     2
Evoke: Wand              |       |     2 |       ||     2
  Use: Scroll            |     4 |     6 |     2 ||    12
       Potion            |       |     1 |     2 ||     3
 Stab: Sleeping          |    13 |    33 |    18 ||    64
Armor: Leather armour    |    12 |    44 |    20 ||    76
       Robe              |     4 |       |       ||     4
Dodge: Dodged            |    46 |   132 |    87 ||   265
       Rpst.: Falchion   |       |       |     1 ||     1
